 Dungeon Crawl Stone Soup version 0.31-a0-18-gea43df2a32 (webtiles) character file.

Game seed: 15167084547094283840

425 Dirtsage the Chopper (level 6, -10/47 HPs)
             Began as a Demonspawn Berserker on May 10, 2023.
             Was a Priest of Trog.
             Engulfed by a cloud of flame (25 damage)
             ... on level 3 of the Dungeon.
             The game lasted 00:04:50 (2562 turns).

Dirtsage the Chopper (Demonspawn Berserker)         Turns: 2562, Time: 00:04:50

Health: -10/47     AC:  7    Str: 20    XL:     6   Next: 64%
Magic:  6/6        EV: 10    Int:  8    God:    Trog [***...]
Gold:   122        SH:  0    Dex: 12    Spells: 5/5 levels left

rFire   . . .        a - +0 hand axe
rCold   . . .        (no shield)
rNeg    . . .        j - +0 scale mail
rPois   .            k - +0 helmet
rElec   .            (no cloak)
rCorr   .            (no gloves)
SInv    .            (no boots)
Will    .....        (no amulet) Stlth
                     (no ring)
HPRegen 0.27/turn    (no ring)
MPRegen 0.10/turn

%: no passive effects
@: no status effects
A: spiny 1, condensation shield, demonic touch 2
a: Renounce Religion, Berserk, Trog's Hand


You were on level 3 of the Dungeon.
You worshipped Trog.
Trog was most pleased with you.
You visited 1 branch of the dungeon, and saw 3 of its levels.

You collected 122 gold pieces.

Inventory:

Hand Weapons
 a - a +0 hand axe (weapon)
Armour
 b - a +0 animal skin
 j - a +0 scale mail (worn)
 k - a +0 helmet (worn)
Scrolls
 d - 3 scrolls of identify {unknown}
 f - a scroll of acquirement {unknown}
 h - a scroll of enchant weapon {unknown}
 m - a scroll of blinking {unknown}
 n - 2 scrolls of teleportation {unknown}
 o - a scroll of noise {unknown}
 p - 2 scrolls of magic mapping {unknown}
Potions
 c - 3 potions of brilliance {unknown}
 e - 3 potions of degeneration {unknown}
 g - a potion of mutation {unknown}
 i - a potion of flight {unknown}
 l - 2 potions of curing {unknown}
 q - a potion of cancellation {unknown}


   Skills:
 - Level 3.0 Fighting
 + Level 6.9 Axes
 - Level 1.7 Armour
 - Level 1.7 Dodging


You had 5 spell levels left.
You didn't know any spells.
Your spell library contained the following spells:

 Spells                   Type           Power      Damage    Failure   Level
 Scorch                   Fire           0%         2d5       88%         2
 Call Canine Familiar     Summ           0%         N/A       98%         3
 Portal Projectile        Hex/Tloc       0%         N/A       98%         3
 Flame Wave               Conj/Fire      0%         2d4       100%        4
 Leda's Liquefaction      Hex/Erth       0%         N/A       100%        4
 Summon Cactus Giant      Summ           0%         N/A       100%        6


Dungeon Overview and Level Annotations

Branches:
Dungeon (3/15)

Altars:


Innate Abilities, Weirdness & Mutations

You are partially covered in sharp spines.
A meltable shield of frost defends you. (SH +0)
Your touch may inflict irresistible damage on your foes.


Message History

You now have 37/47 hp.
You start resting.
You feel yourself speed up.
You regained 8 hp, and now have 45/47 hp.
You start resting.
HP restored.
Health restored: 47 Really walk into a travel-excluded area?
You recover from your berserk rage.
You are engulfed in blazing flames.
Your condensation shield dissipates!
You take 8 damage, and have 39/47 hp.
You are engulfed in blazing flames.
You take 9 damage, and have 30/47 hp.
You are engulfed in blazing flames.
* * * LOW HITPOINT WARNING * * *
You take 17 damage, and have 13/47 hp.
MASSIVE DAMAGE!!
You now have 105 gold pieces (gained 14).
You now have 122 gold pieces (gained 17).
p - 2 scrolls labelled VOECOMUUNI (gained 1)
You start resting.
Your icy envelope is restored.
You regained 6 hp, and now have 21/47 hp.
You start resting.
HP restored.
Health restored: 47 You start waiting.
Done waiting.
Really walk into a travel-excluded area?
Really walk into that cloud of flame? [Y]es or [N]o only, please.
Really walk into that cloud of flame?
You are engulfed in blazing flames.
Your condensation shield dissipates!
You take 16 damage, and have 31/47 hp.
MASSIVE DAMAGE!!
You are engulfed in blazing flames.
You take 16 damage, and have 15/47 hp.
MASSIVE DAMAGE!!
You are engulfed in blazing flames.
Ouch! That really hurt!
You die...

##.<.####.###### #.##.
##...####...# #.##.
...)...##.#.## #.##.
.....#####...# #.##. ..)[)# #○☼°#
#.##. .#...# #§§.# #.##. #....#
#○§§# #.### .....#####...######
#.#
......§○○.....☼☼@.###########.#
).....○§§.....°§§...........#.###
......○§§.....§○○.######.#....#..
##...#####...###### ##.....###.#
##.## #☼§§# ##(.....###.. ###
#○§○# #.........).. #§§☼#
#......#.###. ##...# #.#...##.#
#. #.#.# #.##.###.# #.


There were no monsters in sight!

Vanquished Creatures
  Sigmund (D:3)
  A sky beast (D:3)
  An orc priest (D:3)
  An orc wizard (D:3)
  Robin (D:2)
  2 adders (D:2)
  A worm (D:3)
  A dart slug (D:3)
  3 orcs (D:3)
  6 bats
  8 endoplasms
  2 giant cockroaches (D:1)
  7 hobgoblins
  7 jackals
  7 kobolds
  2 quokkas (D:3)
  3 ball pythons
  3 frilled lizards
  18 goblins
  6 rats
81 creatures vanquished.

Notes
Turn   | Place    | Note
-------+----------+-------------------------------------------
     0 | D:1      | Dirtsage the Demonspawn Berserker began the quest for the
                  | Orb.
     0 | D:1      | Reached XP level 1. HP: 18/18 MP: 1/1
    40 | D:1      | Reached skill level 3 in Axes
    84 | D:1      | Gained mutation: Your touch may inflict minor irresistible
                  | damage on your foes. [demonic ancestry]
    84 | D:1      | Reached XP level 2. HP: 16/24 MP: 2/2
   391 | D:1      | Reached ** piety under Trog
   806 | D:2      | Reached XP level 3. HP: 29/29 MP: 3/3
   829 | D:2      | Noticed Robin
   835 | D:2      | Reached skill level 4 in Axes
   843 | D:2      | Killed Robin
   886 | D:2      | Gained mutation: A meltable shield of frost defends you.
                  | (SH +0) [demonic ancestry]
   886 | D:2      | Reached XP level 4. HP: 31/35 MP: 4/4
  1556 | D:3      | Reached *** piety under Trog
  1557 | D:3      | Reached skill level 5 in Axes
  1559 | D:3      | Gained mutation: Your touch may inflict irresistible damage
                  | on your foes. [demonic ancestry]
  1559 | D:3      | Reached XP level 5. HP: 34/41 MP: 5/5
  1827 | D:3      | Noticed Sigmund
  1865 | D:3      | HP: 3/61 [something (9)]
  1866 | D:3      | Killed Sigmund
  1867 | D:3      | Reached skill level 6 in Axes
  1867 | D:3      | Gained mutation: You are partially covered in sharp spines.
                  | [demonic ancestry]
  1867 | D:3      | Reached XP level 6. HP: 4/47 MP: 6/6
  2287 | D:3      | Noticed a sky beast
  2295 | D:3      | Killed a sky beast
  2562 | D:3      | Engulfed by a cloud of flame

Illustrated notes

Levels and vault maps discovered:
D:1:      spicycebolla_arrival_risky_transporter, layout_basic
D:2:      layout_basic, minmay_misc_feat_four_crosses, uniq_robin
D:3:      layout_loops_ring, lemuel_flame_loot_1, uniq_sigmund

Skill      XL: |  1  2  3  4  5 |
---------------+----------------+-----
Axes           | 3 4 5 6 |  6.9
Fighting       | |  3.0
Armour         | |  1.7
Dodging        | |  1.7

Action                     |  1- 3 |  4- 6 || total
---------------------------+-------+-------++-------
  Melee: Hand axe          |    81 |    94 ||   175
         Touch             |     9 |    12 ||    21
         Punch             |       |     1 ||     1
 Invoke: Berserk           |     1 |     3 ||     4
 Armour: Animal skin       |     7 |       ||     7
         Scale mail        |    17 |    38 ||    55
  Dodge: Dodged            |    51 |    38 ||    89
  Block: Other             |       |     9 ||     9

Table legend: (Time is in decaauts)
 A = Elapsed time spent in this place.
 B = Non-inter-level travel time spent in this place.
 C = Inter-level travel time spent in this place.
 D = Time resting spent in this place.
 E = Time spent auto-exploring this place.
 F = Levels seen in this place.
 G = Mean time per level.
                   A        B        C        D        E       F      G
               +--------+--------+--------+--------+--------+-----+--------+
         Total |   2604 |   2504 |    100 |    385 |   1703 |   3 |  868.0 |
       Dungeon |   2604 |   2504 |    100 |    385 |   1703 |   3 |  868.0 |
               +--------+--------+--------+--------+--------+-----+--------+

Top non-repeatable levels by time:
     D:3: 1008 daAuts
     D:2: 859 daAuts
     D:1: 736 daAuts
